 Dungeon Crawl Stone Soup version 0.24.1 (webtiles) character file.

Game seed: 16733785775109717160, levelgen mode: deterministic

12199 1994 the Frost Mage (level 11, -2/66 HPs)
             Began as a Gargoyle Ice Elementalist on Apr 6, 2020.
             Was an Elder of Vehumet.
             Slain by a minotaur (13 damage)
             ... in a Gauntlet.
             The game lasted 01:08:03 (18822 turns).

1994 the Frost Mage (Gargoyle Ice Elementalist)    Turns: 18822, Time: 01:08:04

Health: -2/66      AC: 30    Str: 12    XL:     11   Next: 89%
Magic:  5/20       EV: 12    Int: 25    God:    Vehumet [****..]
Gold:   403        SH:  0    Dex: 10    Spells: 5/22 levels left

rFire    . . .     SeeInvis +   a - +5 whip of Analysis {freeze, Int+6 SInv}
rCold    + . .     Gourm    +   (no shield)
rNeg     + . .     Faith    .   D - +3 leather armour of the Sailor {rElec}
rPois    ∞         Spirit   .   s - +0 helmet
rElec    +         Reflect  .   w - +0 cloak
rCorr    .         Harm     .   d - +1 pair of gloves
MR       .....     NoTele   +   f - +2 pair of boots {Fly}
Stlth    +++.......             L - amulet of the gourmand
HPRegen  0.21/turn              j - ring of ice
MPRegen  0.17/turn              t - ring of protection from fire

@: icy armour, flying
A: negative energy resistance 1, electricity resistance, unbreathing,
petrification resistance, rot immunity, AC +8
a: Renounce Religion, Stop Flying


You were in a Gauntlet.
You worshipped Vehumet.
Vehumet was greatly pleased with you.
You were hungry.

You visited 3 branches of the dungeon, and saw 15 of its levels.
You also visited: Gauntlet.

You collected 749 gold pieces.
You spent 346 gold pieces at shops.

Inventory:

Hand Weapons
 a - the +5 whip of Analysis (weapon) {freeze, Int+6 SInv}
   (You found it on level 8 of the Dungeon)

   It has been specially enchanted to freeze those struck by it, causing extra
   injury to most foes and up to half again as much damage against particularly
   susceptible opponents.
   It can also slow down cold-blooded creatures.
   It affects your intelligence (+6).
   It lets you see invisible.
 b - a +2 hunting sling of freezing
 H - a +0 dagger of draining
Missiles
 h - a throwing net
 k - 77 poisoned darts (quivered)
 q - 387 stones
 u - 128 sling bullets
 J - 8 curare-tipped darts
Armour
 d - a +1 pair of gloves (worn)
 f - a +2 pair of boots of flying (worn)
 s - a +0 helmet (worn)
 w - a +0 cloak (worn)
 x - a +0 shield
 D - the +3 leather armour of the Sailor (worn) {rElec}
   (You found it on level 1 of the Lair of Beasts)

   It insulates you from electricity.
Magical Staves
 A - an uncursed staff of earth
 P - an uncursed staff of death
Jewellery
 j - a ring of ice (left hand)
 t - a ring of protection from fire (right hand)
 z - the ring "Hiulinulygo" {MR+ Int+5}
   (You found it in a Gauntlet)

   [ring of intelligence]

   It affects your intelligence (+5).
   It affects your resistance to hostile enchantments.
 F - the ring of Qonadon {Wiz rN+}
   (You found it in a Gauntlet)

   [ring of wizardry]

   It improves your spell success rate.
   It protects you from negative energy.
 L - an amulet of the gourmand (around neck)
 Q - an uncursed ring of protection from fire
Wands
 g - a wand of iceblast (8)
 K - a wand of clouds (6)
 O - a wand of enslavement (4)
 R - a wand of digging (16)
 U - a wand of flame (23)
Scrolls
 e - 4 scrolls of fear
 n - 2 scrolls of fog {unknown}
 y - 2 scrolls of remove curse
 E - 3 scrolls of immolation
 G - a scroll of brand weapon {unknown}
 I - 3 scrolls of magic mapping
 N - 4 scrolls of blinking
 S - a scroll of silence {unknown}
 T - a scroll of enchant weapon {unknown}
 V - a scroll of holy word {unknown}
Potions
 i - 3 potions of heal wounds
 l - 2 potions of resistance
 m - 4 potions of curing
 o - a potion of haste
 p - 4 potions of agility
 r - a potion of berserk rage
 v - a potion of magic
 B - 5 potions of brilliance
 C - a potion of cancellation
 M - a potion of lignification
 X - a potion of might {unknown}
Miscellaneous
 W - a lamp of fire
Comestibles
 c - 23 rations


   Skills:
 + Level 6.9 Fighting
 * Level 6.7 Maces & Flails
 * Level 3.4 Dodging
 - Level 6.1 Stealth
 + Level 6.2 Spellcasting
 - Level 7.0 Conjurations
 - Level 3.0 Charms
 - Level 5.5 Summonings
 - Level 2.1 Necromancy
 * Level 9.7 Ice Magic


You had 5 spell levels left.
You knew the following spells:

 Your Spells              Type           Power        Failure   Level  Hunger
a - Freeze                Ice            ####         1%          1    None
b - Throw Frost           Conj/Ice       ######       1%          2    None
c - Ozocubu's Armour      Chrm/Ice       ######..     1%          3    None
d - Summon Ice Beast      Ice/Summ       ######..     4%          4    ###....
e - Throw Icicle          Conj/Ice       ######..     1%          4    ###....
f - Regeneration          Chrm/Necr      ###.......   10%         3    None

Your spell library contained the following spells:

 Spells                   Type           Power        Failure   Level  Hunger
 Fulminant Prism          Conj/Hex       ####......   6%          4    ###....
 Infusion                 Chrm           ###.         2%          1    None
 Song of Slaying          Chrm           ###.....     4%          2    None
 Shroud of Golubria       Chrm/Tloc      ###...       8%          2    None
 Summon Guardian Golem    Hex/Summ       ###.....     9%          3    None
 Spectral Weapon          Hex/Chrm       ###.....     16%         3    None
 Yara's Violent Unravell  Hex/Tmut       #.........   52%         5    #####..
 Cause Fear               Hex            #.........   67%         4    ###....


Dungeon Overview and Level Annotations

Branches:
Dungeon (12/15)            Temple (1/1) D:6            Lair (2/6) D:10
    Orc (0/2) D:9         Gauntlet (1/1)
  Swamp: Lair:2-4    Shoals: Lair:2-4     Snake: Lair:2-4    Spider: Lair:2-4

Altars:
Ashenzari
Cheibriados
Dithmenos
Elyvilon
Fedhas
Gozag
Hepliaklqana
Kikubaaqudgha
Makhleb
Nemelex Xobeh
Okawaru
Qazlal
Ru
Sif Muna
Trog
Uskayaw
Vehumet
Wu Jian
Xom
Yredelemnul
Zin
The Shining One
Lugonu

Shops:
D:4 *   D:5 [   D:11 *   D:12 (

Portals:
Trove: D:12 (give 7 potions of agility)

Annotations:
Lair:1 exclusion: spiny frog, Sonja Gauntlet 10 transporters, 21 runed translucent doors, exclusion: lightning spire


Innate Abilities, Weirdness & Mutations

You are resistant to torment.
Your stone body is resilient. (AC +8)
You are immune to poison.
You resist negative energy. (rN+)
You are resistant to electric shocks. (rElec)
You can survive without breathing.
You are immune to petrification.
You are immune to rotting.


Message History

You hit the minotaur but do no damage.
The minotaur is heavily wounded.
Your ice beast hits the minotaur.
Your ice beast freezes the minotaur!
Your ice beast hits the minotaur but does no damage.
The minotaur hits your ice beast!! The minotaur gores your ice beast!
Unknown command.
Unknown command.
You hit the minotaur but do no damage.
The minotaur is severely wounded.
Your ice beast hits the minotaur but does no damage.
Your ice beast barely misses the minotaur.
The minotaur furiously retaliates!
The minotaur headbutts your ice beast!
Unknown command.
Unknown command.
You hit the minotaur but do no damage.
The minotaur is severely wounded.
The minotaur hits you!!
* * * LOW HITPOINT WARNING * * *
The minotaur gores you!
You die...

.....#.#..# #...##.#..####
##^##..#..#≈8§ ### ##
..©....#..#.§. #.##...
#####^.####.8....##.# .
#...##.#©.....##....##.#
^...^#.####.8.##Y##...
!.2h)..#..#...(HY##.#
########..#.8.##@(..#
.......§.≈#...##§##.######
.......§.∩#.8....##.'...∩#
.........≈#...##....######
########..#.8H##.##Y...#
..©...x#..#......##.##....#
.....#X####.8.##....# ##..
#####..#©.....##.##....
##.##.X####.8....##.##.


You could see a minotaur and 2 friendly ice beasts.

Vanquished Creatures
  A green death (Gauntlet)
  A vault guard (D:12)
  2 death yaks
  A large abomination (Gauntlet)
  A spiny frog (Lair:1)
  Grinder (D:4)
  3 slime creatures (D:12)
  A water elemental (D:12)
  Menkaure (D:7)
  2 soldier ants (D:9)
  A water moccasin (D:10)
  3 porcupines (Lair:1)
  2 black bears
  An ice beast (D:12)
  7 ogres
  2 orc warriors
  A phantom (D:5)
  A necrophage (D:7)
  3 sky beasts
  5 centaurs
  A crocodile (Lair:1)
  A big kobold (D:8)
  6 bullfrogs
  2 small abominations (Gauntlet)
  7 wights
  8 killer bees
  6 howler monkeys
  2 electric eels (D:12)
  4 crimson imps
  2 centaur zombies
  2 hounds
  An orc priest (D:8)
  2 jellies
  2 centaur skeletons
  2 orc wizards (D:4)
  4 iguanas
  9 worker ants
  A killer bee zombie (D:8)
  A hound zombie (D:8)
  A hound skeleton (D:5)
  7 gnolls
  12 adders
  2 adder skeletons
  An adder zombie (D:9)
  2 worms
  A dart slug (D:2)
  6 leopard geckos
  17 orcs
  2 ball pythons
  6 bats
  3 giant cockroaches
  2 gnoll zombies (D:7)
  6 goblins
  13 hobgoblins
  10 jackals
  13 kobolds
  5 quokkas
  3 frilled lizards
  A quokka skeleton (D:8)
  9 rats
225 creatures vanquished.

Vanquished Creatures (collateral kills)
  A hydra (D:11)
  2 two-headed ogres
  4 death yaks
  Urug (Lair:1)
  2 orange demons (Gauntlet)
  A troll (D:11)
  2 orc wizards (D:11)
  An adder (D:11)
  2 orcs (D:11)
16 creatures vanquished.

Vanquished Creatures (others)
  A worker ant (D:5)
  11 demonic plants (Gauntlet)
12 creatures vanquished.

Grand Total: 253 creatures vanquished

Notes
Turn   | Place    | Note
-------+----------+-------------------------------------------
     0 | D:1      | 1994 the Gargoyle Ice Elementalist began the quest for the
                  | Orb.
     0 | D:1      | Reached XP level 1. HP: 10/10 MP: 3/3
   203 | D:1      | Reached XP level 2. HP: 16/16 MP: 1/5
   523 | D:1      | Learned a level 2 spell: Throw Frost
  1109 | D:2      | Reached skill level 1 in Fighting
  1141 | D:2      | Found a sparkling altar of Nemelex Xobeh.
  1141 | D:2      | Found an opulent altar of Gozag.
  1151 | D:2      | Reached XP level 3. HP: 20/20 MP: 1/6
  1418 | D:2      | Found a faded altar of an unknown god.
  1504 | D:2      | Reached XP level 4. HP: 19/25 MP: 0/7
  1940 | D:2      | Found a snail-covered altar of Cheibriados.
  2079 | D:2      | Found a radiant altar of Vehumet.
  2092 | D:2      | Became a worshipper of Vehumet
  2304 | D:3      | Reached XP level 5. HP: 29/29 MP: 8/8
  2358 | D:3      | Found a white marble altar of Elyvilon.
  2527 | D:3      | Learned a level 3 spell: Ozocubu's Armour
  2738 | D:4      | Found a glowing golden altar of the Shining One.
  2741 | D:4      | Found a hazy altar of Hepliaklqana.
  2896 | D:4      | Reached skill level 4 in Ice Magic
  3253 | D:4      | Noticed an ogre
  3262 | D:4      | Killed an ogre
  3262 | D:4      | Reached XP level 6. HP: 30/35 MP: 5/10
  3271 | D:4      | Reached skill level 1 in Charms
  3574 | D:4      | Noticed Grinder
  3780 | D:4      | Found Archolis's Assorted Antiques.
  3830 | D:4      | Bought a scroll labeled BIHEAPS FOLI for 30 gold pieces
  3830 | D:4      | Bought a fuming black potion for 27 gold pieces
  3830 | D:4      | Bought a viscous orange potion for 27 gold pieces
  3830 | D:4      | Bought a scroll labeled JOEPRE HOISA for 30 gold pieces
  3851 | D:4      | Reached XP level 7. HP: 40/40 MP: 11/11
  3968 | D:4      | Learned a level 4 spell: Summon Ice Beast
  3971 | D:4      | Reached * piety under Vehumet
  3971 | D:4      | Offered knowledge of Sandblast by Vehumet.
  4014 | D:4      | Paralysed by Grinder for 2 turns
  4025 | D:4      | Killed Grinder
  4025 | D:4      | Reached skill level 5 in Ice Magic
  4350 | D:5      | Entered Level 5 of the Dungeon
  4817 | D:5      | Found a stormy altar of Qazlal.
  4877 | D:5      | Reached XP level 8. HP: 45/46 MP: 10/13
  5477 | D:5      | Found Noawaf's Antique Armour Emporium.
  5866 | D:6      | Found a snail-covered altar of Cheibriados.
  5964 | D:6      | Reached skill level 5 in Stealth
  5964 | D:6      | Reached skill level 6 in Ice Magic
  6059 | D:6      | Learned a level 4 spell: Throw Icicle
  6059 | D:6      | Found a staircase to the Ecumenical Temple.
  6130 | Temple   | Entered the Ecumenical Temple
  6700 | D:7      | Reached skill level 1 in Summonings
  6879 | D:7      | Found a basalt altar of Yredelemnul.
  6924 | D:7      | Reached skill level 5 in Conjurations
  7228 | D:7      | Noticed Menkaure
  7370 | D:7      | Killed Menkaure
  7370 | D:7      | Reached XP level 9. HP: 52/52 MP: 11/15
  7421 | D:7      | Reached ** piety under Vehumet
  7421 | D:7      | Offered knowledge of Throw Flame by Vehumet.
  7711 | D:4      | Bought a scroll labeled ZODUUL TEACH for 30 gold pieces
  7711 | D:4      | Bought a scroll labeled ZODUUL TEACH for 30 gold pieces
  7797 | D:8      | Noticed a two-headed ogre
  7800 | D:8      | Got a warped whip
  7845 | D:8      | Identified the +5 whip of Analysis {freeze, Int+6 SInv}
                  | (You found it on level 8 of the Dungeon)
  7899 | D:8      | Reached skill level 1 in Maces & Flails
  7899 | D:8      | Reached skill level 7 in Ice Magic
  8058 | D:8      | Noticed an angel
  8093 | D:8      | Found a shimmering altar of Xom.
  8094 | D:8      | Found a glowing silver altar of Zin.
  8404 | D:8      | Killed a two-headed ogre
  8679 | D:8      | Reached skill level 5 in Fighting
  9101 | D:9      | Found a shattered altar of Ashenzari.
  9129 | D:9      | Found a shadowy altar of Dithmenos.
  9357 | D:9      | Found a bloodstained altar of Trog.
  9357 | D:9      | Found a hide-covered altar of Uskayaw.
  9419 | D:9      | Reached XP level 10. HP: 53/59 MP: 10/17
  9491 | D:9      | Found a sacrificial altar of Ru.
  9640 | D:5      | Bought a pair of glowing boots for 172 gold pieces
  9912 | D:9      | Found a staircase to the Orcish Mines.
 10051 | D:9      | Offered knowledge of Mephitic Cloud by Vehumet.
 10557 | D:10     | Entered Level 10 of the Dungeon
 10557 | D:10     | Noticed a death yak
 10586 | D:10     | Noticed a death yak
 10590 | D:10     | Noticed a death yak
 10637 | D:9      | Killed a death yak
 10637 | D:9      | Reached skill level 5 in Spellcasting
 10637 | D:9      | Reached skill level 8 in Ice Magic
 10900 | D:10     | Noticed a death yak
 10900 | D:10     | Noticed a death yak
 10903 | D:10     | Noticed a death yak
 10952 | D:9      | Killed a death yak
 11482 | D:9      | Killed a death yak
 11922 | D:8      | Killed a death yak
 12143 | D:9      | Found a staircase to the Orcish Mines.
 12233 | D:9      | Found a bloodstained altar of Trog.
 12233 | D:9      | Found a hide-covered altar of Uskayaw.
 12307 | D:9      | Found a shattered altar of Ashenzari.
 12338 | D:9      | Found a shadowy altar of Dithmenos.
 12518 | D:9      | Found a sacrificial altar of Ru.
 12709 | D:9      | Found a staircase to the Orcish Mines.
 12740 | D:9      | Killed a death yak
 12740 | D:9      | Reached skill level 5 in Summonings
 12836 | D:10     | Found a staircase to the Lair.
 12873 | D:10     | Killed a death yak
 12931 | D:10     | Reached skill level 5 in Maces & Flails
 13033 | D:10     | Reached XP level 11. HP: 53/64 MP: 9/19
 13128 | D:10     | Reached *** piety under Vehumet
 13598 | D:10     | Learned a level 3 spell: Regeneration
 14334 | D:11     | Found Dygair's Mayhem Merchandise.
 14368 | D:11     | Noticed a seven-headed hydra
 14393 | D:11     | Noticed a two-headed ogre
 14420 | D:11     | Killed a two-headed ogre
 14432 | D:11     | Reached skill level 9 in Ice Magic
 14441 | D:11     | Killed a seven-headed hydra
 14441 | D:11     | Offered knowledge of Fulminant Prism by Vehumet.
 14441 | D:11     | Reached skill level 1 in Necromancy
 15656 | D:12     | Found Bolew's Weapon Emporium.
 16085 | D:12     | Noticed a vault guard
 16140 | D:12     | Killed a vault guard
 16362 | D:12     | Found a portal to a secret trove of treasure.
 16545 | Lair:1   | Entered Level 1 of the Lair of Beasts
 16605 | Lair:1   | Noticed Urug
 16620 | Lair:1   | Killed Urug
 17054 | Lair:1   | Noticed Sonja
 17542 | Lair:1   | Got a fine leather armour
 17553 | Lair:1   | Identified the +3 leather armour of the Sailor {rElec} (You
                  | found it on level 1 of the Lair of Beasts)
 17596 | Lair:2   | Found a gate leading to a gauntlet.
 17603 | Gauntlet | Entered a Gauntlet
 17603 | Gauntlet | Found a transporter.
 17603 | Gauntlet | Found a transporter.
 17608 | Gauntlet | Found a transporter.
 17623 | Gauntlet | Found a transporter.
 17625 | Gauntlet | Found a large runed translucent door.
 17626 | Gauntlet | Found a large runed translucent door.
 17627 | Gauntlet | Found a large runed translucent door.
 17627 | Gauntlet | Found a large runed translucent door.
 17637 | Gauntlet | Found a transporter.
 17650 | Gauntlet | Found a transporter.
 17668 | Gauntlet | Noticed a hell beast
 17687 | Gauntlet | Found a large runed translucent door.
 17744 | Gauntlet | Found a transporter.
 17749 | Gauntlet | Noticed a large abomination
 17755 | Gauntlet | Found a transporter.
 17768 | Gauntlet | Noticed a green death
 17769 | Gauntlet | Found a transporter.
 17782 | Gauntlet | Found a transporter.
 17803 | Gauntlet | Found a transporter.
 17872 | Gauntlet | Found a transporter.
 17874 | Gauntlet | Found a large runed translucent door.
 17875 | Gauntlet | Found a large runed translucent door.
 17876 | Gauntlet | Found a large runed translucent door.
 17876 | Gauntlet | Found a large runed translucent door.
 17876 | Gauntlet | Found a runed translucent door.
 17877 | Gauntlet | Found a large runed translucent door.
 17877 | Gauntlet | Found a transporter.
 17878 | Gauntlet | Found a large runed translucent door.
 17878 | Gauntlet | Found a runed translucent door.
 17879 | Gauntlet | Found a large runed translucent door.
 17879 | Gauntlet | Found a large runed translucent door.
 17880 | Gauntlet | Found a runed translucent gate.
 17880 | Gauntlet | Found a runed translucent gate.
 17880 | Gauntlet | Found a runed translucent gate.
 17881 | Gauntlet | Noticed a reaper
 17882 | Gauntlet | Found a transporter.
 17892 | Gauntlet | Found a transporter.
 17895 | Gauntlet | Found a transporter.
 17895 | Gauntlet | Noticed a balrug
 17933 | Gauntlet | Found a large runed translucent door.
 17933 | Gauntlet | Found a large runed translucent door.
 17934 | Gauntlet | Found a large runed translucent door.
 18178 | Gauntlet | Identified the Incunabulum of Glacial Bewitchment
 18238 | Gauntlet | Killed a green death
 18254 | Gauntlet | Got a transparent brass ring
 18255 | Gauntlet | Identified the ring "Hiulinulygo" {MR+ Int+5} (You found it
                  | in a Gauntlet)
 18409 | Gauntlet | Got an ancient golden ring
 18415 | Gauntlet | Reached **** piety under Vehumet
 18749 | Gauntlet | Identified the ring of Qonadon {Wiz rN+} (You found it in a
                  | Gauntlet)
 18756 | Gauntlet | Noticed a minotaur
 18822 | Gauntlet | Slain by a minotaur

Levels and vault maps discovered:
D:1:      dpeg_arrival_arbitrary_a, layout_basic, minivault_23
D:2:      minmay_wonky_spiral, layout_loops_ring,
          grunt_temple_overflow_opulence, vehumet_crystals,
          chequers_ecumenical_altar_lobes, kennysheep_slug_shrine
D:3:      layout_rooms, elyvilon_altar_4, first_ration
D:4:      layout_loops_corners, nicolae_overflow_hidden_temple, serial_shops,
          nicolae_shop_window_shopping, uniq_grinder
D:5:      layout_basic, kennysheep_little_box, serial_shops, shop,
          chequers_big_river, lemuel_flamethrower_1
D:6:      layout_basic, temple_fountains, basic_altar
D:7:      layout_rooms, lemuel_zombie_altar_yredelemnul, uniq_menkaure
D:8:      layout_basic, grunt_temple_overflow_order_and_chaos_1
D:9:      kennysheep_blocky_hall, layout_long_grid, old_standard_altar,
          chequers_temple_overflow_statue_of_worship, ashenzari_altar_1,
          old_standard_altar, hangedman_pestilent_swarm
D:10:     layout_basic, dpeg_lair_monsters
D:11:     layout_loops_ring, minmay_shop_mayhem
D:12:     layout_roguey, serial_shops, shop, enter_trove_5,
          serial_bayou_lagoon_b
Temple:   corrupted_temple
Lair:1:   layout_roguey, fungi_pond_lemuel, uniq_urug, uniq_sonja
Lair:2:   layout_roguey, nicolae_swamp_entry_splash_gauntlet,
          gauntlet_entry_generic, uniq_gastronok, uniq_fannar
Gauntlet: gammafunk_gauntlet_branching [gammafunk_gauntlet_arena_chambers,
          nicolae_gauntlet_arena_x, nicolae_gauntlet_arena_t_cross,
          gammafunk_gauntlet_arena_hedges,
          minmay_gauntlet_arena_make_your_own_arena,
          nicolae_gauntlet_arena_grate_2, nicolae_gauntlet_arena_blocks,
          gammafunk_gauntlet_arena_split_x, gauntlet_exit_green]

Skill      XL: |  1  2  3  4  5  6  7  8  9 10 11 |
---------------+----------------------------------+-----
Fighting       | 1 2 3 4 5 6 |  6.9
Conjurations   | 2 3 4 5 6 7 |  7.0
Stealth        | 3 4 5 6 |  6.1
Ice Magic      | 4 5 6 7 8 9 |  9.7
Charms         | 1 2 3 |  3.0
Spellcasting   | 3 4 5 6 |  6.2
Summonings     | 1 3 5 |  5.5
Maces & Flails | 2 5 6 |  6.7
Dodging        | 2 3 |  3.4
Necromancy     | 2 |  2.1

Action                   |  1- 3 |  4- 6 |  7- 9 | 10-12 || total
-------------------------+-------+-------+-------+-------++-------
Melee: Dagger            |    39 |    10 |    59 |       ||   108
       Whip              |       |       |    54 |   271 ||   325
 Fire: Hunting sling     |     6 |   103 |   219 |    10 ||   338
Throw: Stone             |     6 |       |     1 |       ||     7
       Dart              |     5 |       |     1 |     4 ||    10
 Cast: Freeze            |    16 |    29 |    75 |    68 ||   188
       Throw Frost       |     6 |     5 |    14 |    52 ||    77
       Ozocubu's Armour  |       |     2 |    12 |    19 ||    33
       Throw Icicle      |       |       |     4 |    11 ||    15
       Summon Ice Beast  |       |       |     2 |    33 ||    35
Evoke: Wand              |       |       |       |     2 ||     2
  Use: Scroll            |       |       |    20 |     7 ||    27
       Potion            |       |       |       |     1 ||     1
 Stab: Sleeping          |       |       |     3 |     2 ||     5
       Distracted        |       |       |       |     1 ||     1
  Eat: Chunk             |     2 |     8 |    27 |    15 ||    52
       Ration            |       |       |     1 |     3 ||     4
Armor: Ring mail         |     5 |       |       |       ||     5
       Robe              |    11 |    20 |   118 |       ||   149
       Leather armour    |       |       |     8 |   180 ||   188
Dodge: Dodged            |    30 |    30 |   160 |   188 ||   408
